 Dungeon Crawl Stone Soup version 0.26.0-10-g1f06aea511 (webtiles) character file.

Game seed: 8954898442760162858

9 inc the Vexing (level 2, 5/11 HPs)
             Began as a Felid Enchanter on Jan 29, 2021.
             Quit the game on level 1 of the Dungeon.
             The game lasted 00:00:51 (435 turns).

inc the Vexing (Felid Enchanter)                     Turns: 435, Time: 00:00:51

Health: 5/11       AC:  1    Str:  4    XL:     2   Next: 3%
Magic:  4/6        EV: 18    Int: 16    God:
Gold:   17         SH:  0    Dex: 16    Spells: 2/5 levels left
                                        Lives:  0   Deaths: 0

rFire    . . .     SeeInvis +     - Unarmed
rCold    . . .     Faith    .   (shield unavailable)
rNeg     . . .     Spirit   .   (armour unavailable)
rPois    .         Reflect  .   (helmet unavailable)
rElec    .         Harm     .   (cloak unavailable)
rCorr    .         Rampage  .   (gloves unavailable)
Will     .....     Rnd*Tele +   (boots unavailable)
Stlth    +++.......             (no amulet)
HPRegen  0.03/turn              b - ring of teleportation (curse)
MPRegen  0.10/turn              (no ring)

@: quick
A: very small, no armour, no weapons or thrown items, stealth, claws 1, fangs 3,
see invisible, speed 1, shaggy fur 1, sharp paws
a: no special abilities


You were on level 1 of the Dungeon.
You visited 1 branch of the dungeon, and saw 1 of its levels.

You collected 17 gold pieces.

Inventory:

Jewellery
 b - a cursed ring of teleportation (left paw)
Potions
 e - a potion of curing {unknown}


   Skills:
 - Level 2.6 Dodging
 - Level 4.0 Stealth
 - Level 2.1 Unarmed Combat
 - Level 2.0 Spellcasting
 + Level 4.4 Hexes
 + Level 0.0 Ice Magic


You had 2 spell levels left.
You knew the following spells:

 Your Spells              Type           Power        Failure   Level
a - Corona                Hex            16%          3%          1
b - Ensorcelled Hibernat  Hex/Ice        16%          13%         2

Your spell library contained the following spells:

 Spells                   Type           Power        Failure   Level
 Confusing Touch          Hex            15%          11%         3
 Tukima's Dance           Hex            15%          11%         3
 Dazzling Flash           Conj/Hex       16%          26%         3


Dungeon Overview and Level Annotations

Branches:
Dungeon (1/15)

Altars:


Innate Abilities, Weirdness & Mutations

You cannot wear armour.
You are incapable of wielding weapons or throwing items.
Your paws allow you to move quietly. (Stealth)
You have sharp claws.
You have razor-sharp teeth.
You have supernaturally acute eyesight. (SInv)
You cover ground quickly.
You are covered in fur. (AC +1)
Your sharp claws are effective at attacking unaware monsters.


Message History

You see here a leopard gecko skeleton.
Found 24 stones.
A hobgoblin comes into view. It is wielding a -3 club.
You see here 9 gold pieces.
A hobgoblin is nearby!
You see here 11 gold pieces.
A rat comes into view.
The hobgoblin shouts!
You hear a shout! x2
The hobgoblin misses you.
Casting: Ensorcelled Hibernation (safe; 13% risk of failure)
Confirm with . or Enter, or press ? or * to list all spells.
Aiming: Ensorcelled Hibernation (safe; 13% risk of failure)
Press: ? - help, Shift-Dir - straight line, f - hobgoblin
Aim: a hobgoblin, wielding a -3 club (chance to affect: 57%)
The hobgoblin resists with significant effort.
A bat comes into view.
The rat closely misses you.
The hobgoblin hits you with a cursed -3 club.
Ouch! That really hurt!
Are you sure you want to abandon this character and quit the game? (Confirm with "yes".)

##..# #.# #...#
######.# #.#.#
........
##...#########..
###....$......÷)..
###
#...$.........###.
....###.#.#..######.#
#. #.#...r......#
###§####
#.....g@..(..#
#..§§§#
##..###..##..#
##.§§§§## #
#..#.......§§§..§§
...#...####>...§.#
#b......# #...§..#
#.#... ## #.#.##.#
####.. .....##.# ..#
#########.#
##..≈≈≈..##.


You could see a hobgoblin, a bat and a rat.

Vanquished Creatures
  A dart slug (D:1)
  A leopard gecko (D:1)
  A goblin (D:1)
  A hobgoblin (D:1)
  A kobold (D:1)
  A rat (D:1)
6 creatures vanquished.

Notes
Turn   | Place    | Note
-------+----------+-------------------------------------------
     0 | D:1      | inc the Felid Enchanter began the quest for the Orb.
     0 | D:1      | Reached XP level 1. HP: 7/7 MP: 4/4
    99 | D:1      | Reached XP level 2. HP: 2/11 MP: 6/6
   284 | D:1      | Learned a level 2 spell: Ensorcelled Hibernation
   435 | D:1      | Quit the game

Illustrated notes

Levels and vault maps discovered:
D:1:      shiori_arrival_elements, layout_loops_ring, minmay_misc_feat_chi,
          palyth_stone_intersect, minmay_worlds_worst_comb

Skill      XL: |  1 |
---------------+----+-----
Unarmed Combat | 2 |  2.1
Dodging        | |  2.6
Stealth        | |  4.0
Spellcasting   | |  2.0
Hexes          | |  4.4

Action                   || total
-------------------------++-------
Melee: Unarmed           ||    31
       Bite              ||     1
 Cast: Ensorcelled Hiber ||     2
  Use: Scroll            ||     3
 Stab: Sleeping          ||     2
Armor: Skin              ||     3
Dodge: Dodged            ||    22
